 Dungeon Crawl Stone Soup version 0.29-a0-925-g0a7a3d12f8 (webtiles) character file.

Game seed: 3037934987567786667

518 Alarak the Thaumaturge (level 7, -3/36 HPs)
             Began as a Deep Elf Summoner on July 29, 2022.
             Slain by Pikel
             ... wielding a +2 whip of electrocution
              (19 damage)
             ... on level 4 of the Dungeon.
             The game lasted 00:19:13 (3755 turns).

Alarak the Thaumaturge (Deep Elf Summoner)          Turns: 3755, Time: 00:19:16

Health: -3/36      AC:  3    Str:  5    XL:     7   Next: 1%
Magic:  8/20       EV: 12    Int: 22    God:
Gold:   143        SH:  0    Dex: 15    Spells: 13/22 levels left

rFire   . . .      SeeInvis .   s - +3 quarterstaff (chaos)
rCold   . . .      Faith    .   (shield currently unavailable)
rNeg    . . .      Spirit   .   a - +0 robe
rPois   .          Reflect  .   (no helmet)
rElec   .          Harm     .   t - +0 cloak
rCorr   .          Rampage  .   (no gloves)
Will    .....                   (no boots)
Stlth   ++........              (no amulet)
HPRegen 0.12/turn               (no ring)
MPRegen 0.17/turn               (no ring)

@: no status effects
A: no striking features
a: no special abilities


You were on level 4 of the Dungeon.
You visited 1 branch of the dungeon, and saw 4 of its levels.

You collected 143 gold pieces.

Inventory:

Hand Weapons
 g - a +0 dagger
 s - a +3 quarterstaff of chaos (weapon)
 x - a +0 sling
Armour
 a - a +0 robe (worn)
 t - a +0 cloak (worn)
Jewellery
 h - a ring of ice
 q - an amulet of magic regeneration
 w - a +6 ring of dexterity
Scrolls
 d - a scroll of enchant weapon {unknown}
 e - 2 scrolls of magic mapping {unknown}
 j - 3 scrolls of identify {unknown}
 m - 2 scrolls of teleportation {unknown}
 r - a scroll of fear {unknown}
 u - a scroll of immolation {unknown}
 v - a scroll of summoning {unknown}
Potions
 b - a potion of magic
 c - a potion of flight {unknown}
 f - a potion of ambrosia {unknown}
 i - 2 potions of lignification {unknown}
 k - a potion of attraction {unknown}
 l - 2 potions of mutation {unknown}
 n - a potion of haste {unknown}
 o - 2 potions of curing {unknown}
 p - 2 potions of heal wounds {unknown}


   Skills:
 - Level 2.4 Dodging
 - Level 2.4 Stealth
 - Level 8.2 Spellcasting
 + Level 6.6 Summonings


You had 13 spell levels left.
You knew the following spells:

 Your Spells              Type           Power      Damage    Failure   Level
a - Summon Small Mammal   Summ           100%       N/A       1%          1
b - Call Imp              Summ           38%        N/A       1%          2
c - Call Canine Familiar  Summ           38%        N/A       1%          3
d - Summon Guardian Gole  Hex/Summ       23%        N/A       5%          3

Your spell library contained the following spells:

 Spells                   Type           Power      Damage    Failure   Level
 Summon Lightning Spire   Summ/Air       23%        N/A       19%         4
 Orb of Destruction       Conj           4%         9d5       100%        7
 Spellforged Servitor     Conj/Summ      11%        N/A       100%        7


Dungeon Overview and Level Annotations

Branches:
Dungeon (4/15)
 Temple: D:4-7

Altars:
Ru
Xom

Shops:
D:3 [

Annotations:
D:4 Pikel


Message History

The lemure hits your wolf. Flame seeps out of your guardian golem.
The lemure hits your guardian golem. Flame seeps out of your guardian golem.
Your crimson imp hits the lemure.
Your guardian golem is engulfed in blazing flames.
Flame seeps out of your guardian golem. The ball python bites your quokka.
Flame seeps out of your guardian golem. The ball python constricts your quokka.
Your quokka dies!
Your quokka's corpse disappears in a puff of smoke!
The goblin unwields a +0 sling.
The goblin wields a +2 dagger of venom.
It begins to drip with poison!
The goblin closely misses your rat.
Your wolf bites the lemure but does no damage.
Your guardian golem disappears in a puff of smoke!
Your wolf bites the lemure.
Your rat bites Pikel but does no damage.
The lemure hits your wolf.
Your crimson imp barely misses the lemure.
The goblin hits your rat with a +2 dagger of venom.
Your rat is poisoned.
Found a ring mail and 15 gold pieces.
Your rat dies!
Your rat's corpse disappears in a puff of smoke!
Your wolf bites the lemure. x2
The lemure hits your wolf but does no damage.
Your crimson imp closely misses the lemure.
Casting: Summon Small Mammal (safe; 1% risk of failure)
Confirm with . or Enter, or press ? or * to list all spells.
A guardian golem appears, shielding your allies.
Your wolf bites the lemure.
The lemure closely misses your wolf. The lemure hits you.
Pikel hits you with a +2 whip of electrocution!
Your wolf bites the lemure!
The ball python misses your crimson imp. x2
The lemure attacks as you move away! The lemure hits you.
Your wolf bites the lemure!
The lemure dies!
Your crimson imp blinks!
Pikel hits you with a +2 whip of electrocution.
You are electrocuted!!
Ouch! That really hurt!
You die...

..........[$#...
................#
................
..............#
..............#
..............###
.................
......§.5@9+
......S5K..#
.....†.<5.?#
.....hg....#
...........#
....5..)..#..
...............
............###
..........##.


You could see Pikel, 3 lemures, a goblin, a ball python (ally target), a
friendly guardian golem (summoned), a friendly wolf (summoned, sheltered) and a
friendly crimson imp (summoned, sheltered).

Vanquished Creatures
  A phantom (D:4)
  An endoplasm (D:4)
  A giant cockroach (D:3)
  A goblin (D:3)
  4 ball pythons
  A kobold (D:2)
9 creatures vanquished.

Vanquished Creatures (collateral kills)
  Grinder (D:3)
  Sigmund (D:2)
  A lemure (D:4)
  Crazy Yiuf (D:2)
  Terence (D:2)
  A gnoll (D:2)
  A worm (D:3)
  An orc (D:3)
  6 endoplasms
  2 giant cockroaches
  4 goblins
  4 hobgoblins
  4 jackals
  A quokka (D:3)
  A ball python (D:1)
  6 bats
  4 frilled lizards
  3 kobolds
  5 rats
48 creatures vanquished.

Vanquished Creatures (others)
  A fungus (D:2)
1 creature vanquished.

Grand Total: 58 creatures vanquished

Notes
Turn   | Place    | Note
-------+----------+-------------------------------------------
     0 | D:1      | Alarak the Deep Elf Summoner began the quest for the Orb.
     0 | D:1      | Reached XP level 1. HP: 10/10 MP: 6/6
   242 | D:1      | Reached skill level 4 in Spellcasting
   242 | D:1      | Reached XP level 2. HP: 13/15 MP: 6/9
   245 | D:1      | Learned a level 2 spell: Call Imp
  1039 | D:2      | Reached XP level 3. HP: 19/19 MP: 6/11
  1106 | D:2      | Noticed Sigmund
  1111 | D:2      | Reached skill level 5 in Spellcasting
  1547 | D:2      | Noticed Terence
  1588 | D:2      | Killed Terence
  1693 | D:2      | Learned a level 3 spell: Call Canine Familiar
  2087 | D:2      | Killed Sigmund
  2088 | D:2      | Reached skill level 7 in Spellcasting
  2088 | D:2      | Reached XP level 4. HP: 19/24 MP: 6/15
  2088 | D:2      | Reached XP level 5. HP: 22/28 MP: 6/17
  2369 | D:2      | Found a runed translucent door.
  2370 | D:2      | Noticed Crazy Yiuf
  2440 | D:2      | Killed Crazy Yiuf
  2441 | D:2      | Reached skill level 8 in Spellcasting
  2649 | D:3      | Noticed Grinder
  2654 | D:3      | Paralysed by Grinder for 3 turns
  2665 | D:3      | Killed Grinder
  2666 | D:3      | Reached XP level 6. HP: 32/32 MP: 15/19
  2670 | D:3      | Learned a level 3 spell: Summon Guardian Golem
  2887 | D:3      | Found Felettyx's Antique Armour Shop.
  3114 | D:3      | Found a sacrificial altar of Ru.
  3586 | D:3      | Found a shimmering altar of Xom.
  3744 | D:4      | Noticed Pikel
  3751 | D:4      | Reached XP level 7. HP: 35/36 MP: 10/20
  3755 | D:4      | Slain by Pikel

Illustrated notes

Levels and vault maps discovered:
D:1:      mrwooster_arrival_statue, layout_basic
D:2:      layout_rooms, minmay_tall_x, uniq_crazy_yiuf_cottage, uniq_sigmund,
          uniq_terence
D:3:      layout_basic, mainiacjoe_overflow_paths, nicolae_ru_awakened_eye,
          serial_shops, shop, st_stairs_1, uniq_grinder
D:4:      layout_basic, tso_oasis_becter, mainiacjoe_overflow_divided_tiny,
          uniq_robin, uniq_pikel

Skill      XL: |  1  2  3  4  5 |
---------------+----------------+-----
Spellcasting   | 4 7 8 |  8.2
Summonings     | 6 |  6.6
Dodging        | |  2.4
Stealth        | |  2.4

Action                   |  1- 3 |  4- 6 |  7- 9 || total
-------------------------+-------+-------+-------++-------
Melee: Unarmed           |     5 |       |       ||     5
       Dagger            |     5 |     2 |       ||     7
       Quarterstaff      |       |    17 |     1 ||    18
 Cast: Summon Small Mamm |    54 |    13 |       ||    67
       Call Imp          |    19 |    11 |       ||    30
       Call Canine Famil |     3 |    12 |       ||    15
       Summon Guardian G |       |     7 |     1 ||     8
 Stab: Sleeping          |       |     1 |       ||     1
Armor: Robe              |     4 |    10 |       ||    14
Dodge: Dodged            |    18 |    30 |       ||    48

Table legend: (Time is in decaauts)
 A = Elapsed time spent in this place.
 B = Non-inter-level travel time spent in this place.
 C = Inter-level travel time spent in this place.
 D = Time resting spent in this place.
 E = Time spent auto-exploring this place.
 F = Levels seen in this place.
 G = Mean time per level.
                   A        B        C        D        E       F      G
               +--------+--------+--------+--------+--------+-----+--------+
         Total |   3762 |   3523 |    239 |    586 |   2336 |   4 |  940.5 |
       Dungeon |   3762 |   3523 |    239 |    586 |   2336 |   4 |  940.5 |
               +--------+--------+--------+--------+--------+-----+--------+

Top non-repeatable levels by time:
     D:1: 1511 daAuts
     D:3: 1183 daAuts
     D:2: 1048 daAuts
     D:4: 19 daAuts
